 Dungeon Sprint DCSS version 0.30.1-4-g462c640d31 (webtiles) character file.

Game seed: 5126580380989693075

443 Heoruswealwe the Imperceptible (level 6, -4/24 (29) HPs)
             Began as a Spriggan Artificer on Aug 31, 2023.
             Slain by Sonja
             ... wielding a +1 dagger of draining
              (9 damage)
             ... in the Dungeon (Sprint I: "Red Sonja").
             The game lasted 00:03:34 (182 turns).

Heoruswealwe the Imperceptible (Spriggan Artificer)  Turns: 182, Time: 00:03:35

HP:   -4/24 (29)    AC:  4    Str:  8    XL:     6   Next: 71%
MP:   7/7           EV: 18    Int: 12    God:
Gold: 362           SH:  0    Dex: 18    Spells: 5/5 levels left

rFire   . . .        a - +0 club
rCold   . . .        (no shield)
rNeg    + . .        c - +2 robe {rN+}
rPois   .            (helmet restricted)
rElec   .            (no cloak)
rCorr   .            (gloves unavailable)
SInv    +            (boots unavailable)
Will    +....        (no amulet)
Stlth   ++++++++     (no ring)
HPRegen 0.24/turn    (no ring)
MPRegen 0.10/turn

%: no teleportation
@: heavily drained, very quick
A: very small, no large weapons, unfitting armour, see invisible, speed 3
a: no special abilities


You were in the Dungeon.
You visited 1 branch You collected 362 gold pieces.

Inventory:

Hand Weapons
 a - a +0 club (weapon)
Armour
 c - a +2 robe of positive energy (worn)
Wands
 d - a wand of charming (15)
 l - a wand of digging (6)
Scrolls
 b - a scroll of magic mapping {unknown}
 k - a scroll of blinking
Potions
 f - a potion of curing
 g - a potion of heal wounds
 h - a potion of haste


   Skills:
 - Level 0.7 Fighting
 - Level 3.2 Dodging
 + Level 21.2 Stealth
 - Level 4.0 Evocations


You had 5 spell levels left.
You didn't know any spells.
Your spell library was empty.

Dungeon Overview and Level Annotations

Branches:
Dungeon (1/1)

Altars:
Cheibriados
Dithmenos
Elyvilon
Fedhas
Gozag
Hepliaklqana
Kikubaaqudgha
Nemelex Xobeh
Okawaru
Qazlal
Ru
Sif Muna
Trog
Uskayaw
Vehumet
Wu Jian
Yredelemnul
Zin
The Shining One

Shops:
D :

Annotations:
D Sonja


Innate Abilities, Weirdness & Mutations

You are very small and have problems with some larger weapons.
You are too small for most types of armour.
You have supernaturally acute eyesight. (SInv)
You cover ground extremely quickly. (Speed+++)


Message History

Press: ? - help, Shift-Dir - straight line, f/p - yak
Aim: a yak (heavily wounded)
The mass of ice explodes!
The iceblast engulfs the yak!!
You kill the yak!
The now-empty wand crumbles to dust.
Your Stealth skill gained 2 levels and is now at level 21!
There is an ornate altar of the Wu Jian Council here.
There is an open door, spattered with blood here.
Found a sparkling altar of Nemelex Xobeh.
There is an entrance to Oskohet's Book Emporium here.
There is an open door, spattered with blood here.
You open the door.
Sonja, the Graceful Assassin comes into view.
She is wielding a +1 dagger of draining and quivering curare-tipped darts.
Found 108 gold pieces.
There is an open door here.
The helpless Sonja fails to defend herself.
You sock Sonja!
Sonja is moderately wounded.
Sonja misses you. Sonja closely misses you.
Sonja hits you with a +1 dagger of draining.
You partially resist.
You feel drained.
Sonja mumbles some strange words.
Sonja blinks!
You hit Sonja but do no damage.
Sonja is moderately wounded.
Sonja hits you with a +1 dagger of draining.
You partially resist.
You feel drained. Sonja barely misses you. Sonja misses you.
Sonja hits you with a +1 dagger of draining.
You partially resist.
You feel drained.
* * * LOW HITPOINT WARNING * * *
Sonja hits you but does no damage. You partially resist.
Sonja hits you with a +1 dagger of draining.
* * * LOW HITPOINT WARNING * * *
You partially resist.
You feel drained.
You completely miss Sonja.
Sonja is moderately wounded.
Sonja twirls her cape.
Sonja hits you with a +1 dagger of draining!
You die...

#..'!.#..'..#..+
#..#####'#####'#
#..####..#...#.#
#).#__####..##.#
#..#_____##'#_.+
#⌠⌠#_.∩...'..._#
##.#_..__##_.#'#
#..#_____###K#[#
############@###
+$.$+ #$.$#
##.## #+#


You could see Sonja.

Vanquished Creatures
  Sigmund (D)
  A yak (D)
  An ogre (D)
  A jelly (D)
  Ijyb (D)
5 creatures vanquished.

Notes
Turn   | Place    | Note
-------+----------+-------------------------------------------
     0 | D        | Heoruswealwe the Spriggan Artificer began the quest for the
                  | Orb.
     0 | D        | Reached XP level 1. HP: 9/9 MP: 2/2
     1 | D        | Noticed Ijyb
     4 | D        | Killed Ijyb
     5 | D        | Reached skill level 9 in Stealth
     5 | D        | Reached XP level 2. HP: 14/14 MP: 3/3
    10 | D        | Noticed an ogre
    22 | D        | Killed an ogre
    23 | D        | Reached skill level 14 in Stealth
    23 | D        | Reached XP level 3. HP: 17/17 MP: 4/4
    23 | D        | Reached XP level 4. HP: 21/21 MP: 5/5
    51 | D        | Noticed Sigmund
    66 | D        | Killed Sigmund
    67 | D        | Reached skill level 18 in Stealth
    67 | D        | Reached XP level 5. HP: 16/25 MP: 6/6
    67 | D        | Reached XP level 6. HP: 19/29 MP: 7/7
   113 | D        | Found an ornate altar of the Wu Jian Council.
   113 | D        | Found a shimmering blue altar of Sif Muna.
   116 | D        | Found a radiant altar of Vehumet.
   124 | D        | Reached skill level 19 in Stealth
   152 | D        | Found Oskohet's Book Emporium.
   152 | D        | Found an ancient bone altar of Kikubaaqudgha.
   152 | D        | Found a hazy altar of Hepliaklqana.
   152 | D        | Found a stormy altar of Qazlal.
   152 | D        | Found a hide-covered altar of Uskayaw.
   152 | D        | Found a blossoming altar of Fedhas.
   152 | D        | Found a bloodstained altar of Trog.
   152 | D        | Found an iron altar of Okawaru.
   152 | D        | Found a basalt altar of Yredelemnul.
   152 | D        | Found a glowing golden altar of the Shining One.
   152 | D        | Found a snail-covered altar of Cheibriados.
   152 | D        | Found a sacrificial altar of Ru.
   152 | D        | Found a glowing silver altar of Zin.
   152 | D        | Found a shadowy altar of Dithmenos.
   152 | D        | Found a white marble altar of Elyvilon.
   152 | D        | Noticed a yak
   153 | D        | Found an opulent altar of Gozag.
   160 | D        | Killed a yak
   161 | D        | Reached skill level 21 in Stealth
   165 | D        | Found a sparkling altar of Nemelex Xobeh.
   175 | D        | Noticed Sonja
   182 | D        | Slain by Sonja

Illustrated notes

Levels and vault maps discovered:
D:        dungeon_sprint_1 [red_sonja_temple_1, red_sonja_temple_small_1]

Skill      XL: |  1  2  3  4  5  6 |
---------------+-------------------+-----
Stealth        | 9 14 18 21 | 21.2
Fighting       | |  0.7
Dodging        | |  3.2
Evocations     | |  4.0

Action                     |  1- 3 |  4- 6 || total
---------------------------+-------+-------++-------
  Melee: Club              |       |     9 ||     9
         Punch             |       |     1 ||     1
  Evoke: Wand              |     9 |    12 ||    21
   Stab: Sleeping          |       |     2 ||     2
 Armour: Robe              |       |     2 ||     2
  Dodge: Dodged            |     1 |    12 ||    13
